Mulligans vs Punishers
Created - December 21, 2018 at 19:14
Goals
|
| Mulligans |
3 |
0 |
1 |
4 |
| Punishers |
2 |
3 |
3 |
8 |
|
Shots
|
| Mulligans |
18 |
10 |
5 |
33 |
| Punishers |
12 |
17 |
9 |
38 |
|
1st period
1. Punishers , Miikka Salomaki 10 (Boone Jenner 7) at 8:18
2. Punishers , Mark Jankowski 6 (Carter Ashton 11, Madison Bowey 7) at 9:36
3. Mulligans , Anton Lander 13 (Drayson Bowman 10, Ben Hutton 6) at 11:12
4. Mulligans , Anton Lander 14 (Logan Shaw 12, Drayson Bowman 11) at 13:24
5. Mulligans , Jonathan Tremblay 7 (Sven Baertschi 8, Ben Hutton 7) at 18:03
Penalties :
No Penalty
2nd period
6. Punishers , Mark Jankowski 7 (Carter Ashton 12, Colton Gillies 13) at 9:35
7. Punishers , Robbie Earl 17 (Zack Hamill 37) at 15:28
8. Punishers , Zack Hamill 26 (David Laliberté 21) at 15:34 (PP)
Penalties :
Nick Bonino (Rep) for Holding (Minor) at 15:31
3rd period
9. Mulligans , Maxime Macenauer 9 (Darren Dietz 8) at 4:13
10. Punishers , Miikka Salomaki 11 (Boone Jenner 8, Tyler Bertuzzi 8) at 5:41
11. Punishers , Carter Ashton 4 (David Laliberté 22) at 8:19 (SH)
12. Punishers , Tyler Bertuzzi 6 (Miikka Salomaki 12, Boone Jenner 9) at 16:53
Penalties :
Robbie Earl (Pro) for Cross-checking (Minor) at 0:07, Robbie Earl (Pro) for Hooking (Minor) at 6:35
Goalie Stats
Calvin Pickard (Rep), 3 saves from 4 shots - (0.750), 11:41 minutes
Juuse Saros (Rep), 27 saves from 34 shots - (0.794), L, 5-10-1, 48:19 minutes
Louis Domingue (Pro), 29 saves from 33 shots - (0.879), W, 8-5-1, 60:00 minutes
Players Stats for Mulligans
Player Name G A P +/- PIM S H SB GA TA FO MP PP MP PK MP
------------------------------------------------------------------------------------
Anton Lander 2 0 2 1 0 2 0 0 1 0 8/16 16:40 1:44 0:00
Ben Hutton 0 2 2 0 0 1 0 3 0 1 0/0 19:52 1:39 0:00
Cade Fairchild 0 0 0 -1 0 2 0 1 0 1 0/0 11:51 0:00 0:00
Christoph Bertschy 0 0 0 -1 0 1 1 0 1 0 1/3 9:57 0:00 0:00
Cody Goloubef 0 0 0 -2 0 0 2 1 0 3 0/0 24:09 2:19 0:03
Dalton Thrower 0 0 0 0 0 0 2 0 0 0 0/0 5:03 0:00 0:00
Darren Dietz 0 1 1 -1 0 0 0 1 0 1 0/0 11:51 0:00 0:00
Drayson Bowman 0 2 2 1 0 2 0 1 2 0 0/0 14:47 0:00 0:00
Jonathan Tremblay 1 0 1 -2 0 3 2 1 1 1 0/2 21:50 2:14 0:03
Joonas Donskoi 0 0 0 -1 0 1 0 1 0 0 0/0 11:33 0:00 0:00
Logan Shaw 0 1 1 1 0 1 4 0 0 0 0/0 16:40 1:44 0:00
Matt Beleskey 0 0 0 -1 0 3 2 1 0 0 1/1 21:26 1:44 0:00
Matt Donovan 0 0 0 -2 0 6 0 1 0 0 0/0 28:17 2:19 0:03
Maxime Macenauer 1 0 1 -2 0 3 0 1 0 0 2/4 13:47 2:14 0:00
Michael Sdao 0 0 0 0 0 1 0 1 1 0 0/0 18:57 1:39 0:00
Nick Bonino 0 0 0 -2 2 3 0 0 2 0 20/45 21:46 2:14 0:00
Reid Boucher 0 0 0 -1 0 0 1 1 0 0 0/0 11:33 0:00 0:00
Sven Baertschi 0 1 1 -1 0 4 2 0 0 0 0/1 10:00 0:00 0:03
Valeri Nichushkin 0 0 0 -1 0 0 2 0 1 0 0/0 9:57 0:00 0:00
Players Stats for Punishers
Player Name G A P +/- PIM S H SB GA TA FO MP PP MP PK MP
------------------------------------------------------------------------------------
Adam Pelech 0 0 0 4 0 2 2 5 1 1 0/0 26:22 0:03 2:16
Boone Jenner 0 3 3 0 0 3 1 1 1 1 6/15 16:16 0:00 0:00
Carter Ashton 1 2 3 3 0 3 3 0 0 2 0/1 13:10 0:00 1:26
Colton Gillies 0 1 1 2 0 3 2 2 1 0 0/0 14:17 0:00 2:09
David Laliberté 0 2 2 1 0 6 2 2 0 0 2/3 21:54 0:03 1:26
Dylan DeMelo 0 0 0 -2 0 0 0 0 0 0 0/0 13:32 0:00 0:00
Garret Ross 0 0 0 0 0 0 0 0 0 0 0/0 7:33 0:00 0:23
Jordan Schmaltz 0 0 0 4 0 1 0 1 0 1 0/0 26:22 0:03 2:16
Madison Bowey 0 1 1 1 0 3 4 1 0 1 0/0 20:06 0:00 1:42
Mark Jankowski 2 0 2 2 0 4 0 0 0 0 4/7 11:44 0:00 0:00
Michael Joly 0 0 0 0 0 0 0 1 0 0 0/0 7:10 0:00 0:00
Miikka Salomaki 2 1 3 0 0 8 2 2 2 0 1/1 16:39 0:00 0:23
Patrick Wiercioch 0 0 0 1 0 0 1 1 1 0 0/0 20:06 0:00 1:42
Radek Faksa 0 0 0 0 0 1 0 0 0 0 1/1 7:10 0:00 0:00
Robbie Earl 1 0 1 0 4 2 0 0 1 1 1/1 20:50 0:03 0:00
Trevor Van Riemsdyk 0 0 0 -2 0 0 0 3 0 0 0/0 13:32 0:00 0:00
Tyler Bertuzzi 1 1 2 0 0 1 2 0 0 0 1/1 16:16 0:00 0:00
Zack Hamill 1 1 2 0 0 1 3 1 0 2 24/42 23:01 0:03 2:09
3 Stars
1 - Carter Ashton (Pro)
2 - Miikka Salomaki (Pro)
3 - Mark Jankowski (Pro)
Power Play
Mulligans - 0 on 2 Attempt(s) - 0.00%
Punishers - 1 on 1 Attempt(s) - 100.00%
Penalty Kill
Mulligans - 0 on 1 Attempt(s) - 0.00%
- Score 0 goal in Penalty Kill
Punishers - 2 on 2 Attempt(s) - 100.00%
- Score 1 goal in Penalty Kill
Team Stat
Mulligans - Hits : 18 - Faceoff Wins : 32 - Blocked Shots : 14 - Penalty Minutes : 2
Punishers - Hits : 22 - Faceoff Wins : 40 - Blocked Shots : 20 - Penalty Minutes : 4
Official
Referees : Unknown
Linesman : Unknown
Game Notes
9:36 of 1st period - Punishers goal is going for a video replay. After video review, Goal.
Calvin Pickard enters game at 8:19 of 3rd period
Finance
Level 1 -- Attendance: 1443 (72.15%) -- Ticket Income $57,720
Level 2 -- Attendance: 667 (66.70%) -- Ticket Income $13,340
Total Attendance: 2110 (70.33%)
Total Ticket Income: $71,060
Other Income: $3,553
Total Income: $74,613
Mulligans
5 vs 5 Forward
Center Left Wing Right Wing Time % Phy DF OF
1 Nick Bonino Matt Beleskey Jonathan Tremblay 40 0 2 3
2 Anton Lander Drayson Bowman Logan Shaw 27 0 2 3
3 Maxime Macenauer Reid Boucher Joonas Donskoi 20 1 2 2
4 Christoph Bertschy Sven Baertschi Valeri Nichushkin 13 1 2 2
5 vs 5 Defense
Defense Defense Time % Phy DF OF
1 Matt Donovan Cody Goloubef 40 1 2 2
2 Michael Sdao Ben Hutton 30 1 2 2
3 Cade Fairchild Darren Dietz 20 1 2 2
4 Dalton Thrower Matt Donovan 10 1 2 2
PowerPlay Forward
Center Left Wing Right Wing Time % Phy DF OF
1 Nick Bonino Maxime Macenauer Jonathan Tremblay 60 0 1 4
2 Anton Lander Matt Beleskey Logan Shaw 40 0 1 4
PowerPlay Defense
Defense Defense Time % Phy DF OF
1 Matt Donovan Cody Goloubef 60 0 2 3
2 Michael Sdao Ben Hutton 40 0 2 3
Penalty Kill 4 Players Forward
Center Wing Time % Phy DF OF
1 Nick Bonino Jonathan Tremblay 60 1 2 2
2 Anton Lander Maxime Macenauer 40 1 2 2
Penalty Kill 4 Players Defense
Defense Defense Time % Phy DF OF
1 Matt Donovan Cody Goloubef 60 1 3 1
2 Michael Sdao Ben Hutton 40 1 3 1
Penalty Kill - 3 Players Forward
Forward Time % Phy DF OF
1 Nick Bonino 60 1 2 2
2 Anton Lander 40 1 2 2
Penalty Kill - 3 Players Defense
Defense Defense Time % Phy DF OF
1 Matt Donovan Cody Goloubef 60 1 3 1
2 Michael Sdao Ben Hutton 40 1 3 1
4 vs 4 Forward
Center Wing Time % Phy DF OF
1 Nick Bonino Valeri Nichushkin 60 1 2 2
2 Anton Lander Maxime Macenauer 40 1 2 2
4 vs 4 Defense
Defense Defense Time % Phy DF OF
1 Matt Donovan Cody Goloubef 60 1 2 2
2 Michael Sdao Ben Hutton 40 1 2 2
Last Minutes Offensive
Center Left Wing Right Wing Defense Defense
Nick Bonino Anton Lander Jonathan Tremblay Matt Donovan Cody Goloubef
Last Minutes Defensive
Center Left Wing Right Wing Defense Defense
Nick Bonino Anton Lander Jonathan Tremblay Matt Donovan Cody Goloubef
Goaltenders
Starting : Juuse Saros
Backup : Calvin Pickard
Extra Forwards
Normal : Joonas Donskoi, Valeri Nichushkin, Sven Baertschi - PP : Joonas Donskoi, Valeri Nichushkin - PK : Sven Baertschi
Extra Defensemen
Normal : Cade Fairchild, Darren Dietz, Dalton Thrower - PP : Cade Fairchild - PK : Darren Dietz, Dalton Thrower
Penalty Shots
Nick Bonino, Jonathan Tremblay, Anton Lander, Maxime Macenauer, Valeri Nichushkin
Scratches
Nick Moutrey (Healthy), Eric Tangradi (Sprained Right Finger Injury), John Hayden (Healthy), Jonny Brodzinski (Healthy), Marek Langhamer (Healthy)
Punishers
5 vs 5 Forward
Center Left Wing Right Wing Time % Phy DF OF
1 Zack Hamill Robbie Earl David Laliberté 40 1 2 2
2 Boone Jenner Tyler Bertuzzi Miikka Salomaki 30 1 2 2
3 Mark Jankowski Colton Gillies Carter Ashton 20 1 2 2
4 Radek Faksa Garret Ross Michael Joly 10 1 2 2
5 vs 5 Defense
Defense Defense Time % Phy DF OF
1 Adam Pelech Jordan Schmaltz 40 1 2 2
2 Patrick Wiercioch Madison Bowey 30 1 2 2
3 Trevor Van Riemsdyk Dylan DeMelo 20 1 2 2
4 Adam Pelech Jordan Schmaltz 10 1 2 2
PowerPlay Forward
Center Left Wing Right Wing Time % Phy DF OF
1 Zack Hamill Robbie Earl David Laliberté 60 1 2 2
2 Boone Jenner Tyler Bertuzzi Miikka Salomaki 40 1 2 2
PowerPlay Defense
Defense Defense Time % Phy DF OF
1 Adam Pelech Jordan Schmaltz 60 1 2 2
2 Patrick Wiercioch Madison Bowey 40 1 2 2
Penalty Kill 4 Players Forward
Center Wing Time % Phy DF OF
1 Zack Hamill Colton Gillies 60 1 2 2
2 David Laliberté Carter Ashton 40 1 2 2
Penalty Kill 4 Players Defense
Defense Defense Time % Phy DF OF
1 Adam Pelech Jordan Schmaltz 60 1 2 2
2 Patrick Wiercioch Madison Bowey 40 1 2 2
Penalty Kill - 3 Players Forward
Forward Time % Phy DF OF
1 Colton Gillies 60 1 2 2
2 Carter Ashton 40 1 2 2
Penalty Kill - 3 Players Defense
Defense Defense Time % Phy DF OF
1 Adam Pelech Jordan Schmaltz 60 1 2 2
2 Patrick Wiercioch Madison Bowey 40 1 2 2
4 vs 4 Forward
Center Wing Time % Phy DF OF
1 Robbie Earl Colton Gillies 60 1 2 2
2 David Laliberté Carter Ashton 40 1 2 2
4 vs 4 Defense
Defense Defense Time % Phy DF OF
1 Adam Pelech Jordan Schmaltz 60 1 2 2
2 Patrick Wiercioch Madison Bowey 40 1 2 2
Last Minutes Offensive
Center Left Wing Right Wing Defense Defense
Zack Hamill Robbie Earl David Laliberté Madison Bowey Jordan Schmaltz
Last Minutes Defensive
Center Left Wing Right Wing Defense Defense
Zack Hamill Colton Gillies Carter Ashton Adam Pelech Jordan Schmaltz
Goaltenders
Starting : Louis Domingue
Backup : Daniel Altshuller
Extra Forwards
Normal : Tyler Bertuzzi, Boone Jenner, Miikka Salomaki - PP : Carter Ashton, Boone Jenner - PK : Miikka Salomaki
Extra Defensemen
Normal : Trevor Van Riemsdyk, Dylan DeMelo, Patrick Wiercioch - PP : Trevor Van Riemsdyk - PK : Dylan DeMelo, Patrick Wiercioch
Penalty Shots
Boone Jenner, Zack Hamill, Robbie Earl, David Laliberté, Colton Gillies
Scratches
Dan Bertram (Healthy), John Macfarland (Healthy), Stefan Elliott (Healthy), Mattias Tedenby (Healthy), Kristers Gudlevskis (Healthy)
% Time on Ice - Mulligans
Lines # - Real PCT - Wanted PCT - Time Play
Normal Forward
1 - 35% - 40% - 19:33
2 - 27% - 27% - 14:56
3 - 21% - 20% - 11:33
4 - 18% - 13% - 9:57
Normal Defense
1 - 39% - 40% - 21:47
2 - 31% - 30% - 17:18
3 - 21% - 20% - 11:51
4 - 9% - 10% - 5:03
PP Forward
1 - 56% - 60% - 2:14
2 - 44% - 40% - 1:44
PP Defense
1 - 58% - 60% - 2:19
2 - 42% - 40% - 1:39
PK Forward
1 - 100% - 60% - 0:03
2 - 0% - 40% - 0:00
PK Defense
1 - 100% - 60% - 0:03
2 - 0% - 40% - 0:00
PK3 Forward
1 - 0% - 60%
2 - 0% - 40%
PK3 Defense
1 - 0% - 60%
2 - 0% - 40%
44 Forward
1 - 0% - 60%
2 - 0% - 40%
44 Defense
1 - 0% - 60%
2 - 0% - 40%
Last Minute Offensive - 0:00
Last Minute Defensive - 0:00
Total
Forward - 60:00
Defense - 60:00
|
% Time on Ice - Punishers
Lines # - Real PCT - Wanted PCT - Time Play
Normal Forward
1 - 37% - 40% - 20:49
2 - 29% - 30% - 16:16
3 - 21% - 20% - 11:44
4 - 13% - 10% - 7:10
Normal Defense
1 - 36% - 40% - 20:26
2 - 33% - 30% - 18:24
3 - 24% - 20% - 13:32
4 - 6% - 10% - 3:37
PP Forward
1 - 100% - 60% - 0:03
2 - 0% - 40% - 0:00
PP Defense
1 - 100% - 60% - 0:03
2 - 0% - 40% - 0:00
PK Forward
1 - 64% - 60% - 2:32
2 - 36% - 40% - 1:26
PK Defense
1 - 57% - 60% - 2:16
2 - 43% - 40% - 1:42
PK3 Forward
1 - 0% - 60%
2 - 0% - 40%
PK3 Defense
1 - 0% - 60%
2 - 0% - 40%
44 Forward
1 - 0% - 60%
2 - 0% - 40%
44 Defense
1 - 0% - 60%
2 - 0% - 40%
Last Minute Offensive - 0:00
Last Minute Defensive - 0:00
Total
Forward - 60:00
Defense - 60:00
|
Play by Play
1st period
0:01 of 1st period - Zack Hamill wins face-off versus Nick Bonino in neutral zone.
1:13 of 1st period - Ben Hutton is hit by Carter Ashton and loses puck.
2:00 of 1st period - Slapshot by Drayson Bowman.
2:00 of 1st period - Stopped by Louis Domingue with a rebound.
2:30 of 1st period - Slapshot by David Laliberté.
2:30 of 1st period - Stopped by Juuse Saros with a rebound.
2:38 of 1st period - Backhand shot by Sven Baertschi.
2:38 of 1st period - Stopped by Louis Domingue with a rebound.
3:52 of 1st period - Drayson Bowman is hit by Boone Jenner and loses puck.
4:07 of 1st period - Mark Jankowski is hit by Christoph Bertschy and loses puck.
4:30 of 1st period - Slapshot by Radek Faksa.
4:30 of 1st period - Shot Blocked by Maxime Macenauer.
4:36 of 1st period - Patrick Wiercioch is hit by Reid Boucher and loses puck.
4:55 of 1st period - Wrist shot by Matt Beleskey.
4:55 of 1st period - Shot Blocked by Madison Bowey.
5:38 of 1st period - Wrist shot by Joonas Donskoi.
5:38 of 1st period - Shot Misses the Net.
5:40 of 1st period - Slapshot by Darren Dietz.
5:40 of 1st period - Shot Blocked by Adam Pelech.
5:42 of 1st period - Slapshot by Cade Fairchild.
5:42 of 1st period - Stopped by Louis Domingue with a rebound.
6:11 of 1st period - Colton Gillies is hit by Logan Shaw.
6:53 of 1st period - Zack Hamill is hit by Dalton Thrower and loses puck.
7:02 of 1st period - Slapshot by Logan Shaw.
7:02 of 1st period - Shot Misses the Net.
7:29 of 1st period - Off-side.
7:30 of 1st period - Christoph Bertschy wins face-off versus Mark Jankowski in neutral zone.
7:39 of 1st period - Slapshot by Colton Gillies.
7:39 of 1st period - Stopped by Juuse Saros without a rebound.
7:40 of 1st period - Zack Hamill wins face-off versus Nick Bonino in Mulligans zone.
7:43 of 1st period - Wrist shot by David Laliberté.
7:43 of 1st period - Stopped by Juuse Saros with a rebound.
8:10 of 1st period - Snap shot by Boone Jenner.
8:10 of 1st period - Deflect By Miikka Salomaki.
8:10 of 1st period - Shot Misses the Net.
8:10 of 1st period - Puck is out of play.
8:11 of 1st period - Boone Jenner wins face-off versus Anton Lander in Mulligans zone.
8:18 of 1st period - Snap shot by Miikka Salomaki.
8:18 of 1st period - Goal by Miikka Salomaki - Mulligans : 0 - Punishers : 1.
8:19 of 1st period - Zack Hamill wins face-off versus Nick Bonino in neutral zone.
8:21 of 1st period - Off-side.
8:22 of 1st period - Nick Bonino wins face-off versus Zack Hamill in neutral zone.
8:27 of 1st period - Snap shot by Matt Beleskey.
8:27 of 1st period - Stopped by Louis Domingue without a rebound.
8:28 of 1st period - Nick Bonino wins face-off versus Zack Hamill in Punishers zone.
8:33 of 1st period - Wrist shot by Nick Bonino.
8:33 of 1st period - Stopped by Louis Domingue without a rebound.
8:34 of 1st period - Nick Bonino wins face-off versus Zack Hamill in Punishers zone.
9:22 of 1st period - Slapshot by Matt Donovan.
9:22 of 1st period - Stopped by Louis Domingue without a rebound.
9:23 of 1st period - Maxime Macenauer wins face-off versus Mark Jankowski in Punishers zone.
9:26 of 1st period - Slapshot by Maxime Macenauer.
9:26 of 1st period - Shot Misses the Net.
9:32 of 1st period - Wrist shot by Colton Gillies.
9:32 of 1st period - Shot Misses the Net.
9:34 of 1st period - Slapshot by Madison Bowey.
9:34 of 1st period - Shot Blocked by Joonas Donskoi.
9:36 of 1st period - Snap shot by Carter Ashton.
9:36 of 1st period - Deflect By Mark Jankowski.
9:36 of 1st period - Punishers goal is going for a video replay.
9:36 of 1st period - The goal is good.
9:36 of 1st period - Goal by Mark Jankowski - Mulligans : 0 - Punishers : 2.
9:37 of 1st period - Nick Bonino wins face-off versus Zack Hamill in neutral zone.
10:15 of 1st period - Backhand shot by Boone Jenner.
10:15 of 1st period - Stopped by Juuse Saros without a rebound.
10:16 of 1st period - Nick Bonino wins face-off versus Mark Jankowski in Mulligans zone.
10:41 of 1st period - Ben Hutton is hit by Madison Bowey and loses puck.
10:46 of 1st period - Wrist shot by Miikka Salomaki.
10:46 of 1st period - Stopped by Juuse Saros with a rebound.
10:48 of 1st period - Snap shot by Miikka Salomaki.
10:48 of 1st period - Stopped by Juuse Saros with a rebound.
10:50 of 1st period - Wrist shot by Miikka Salomaki.
10:50 of 1st period - Shot Blocked by Michael Sdao.
10:52 of 1st period - Wrist shot by Tyler Bertuzzi.
10:52 of 1st period - Shot Misses the Net.
10:54 of 1st period - Snap shot by Boone Jenner.
10:54 of 1st period - Stopped by Juuse Saros with a rebound.
11:10 of 1st period - Slapshot by Drayson Bowman.
11:10 of 1st period - Shot Misses the Net.
11:12 of 1st period - Snap shot by Anton Lander.
11:12 of 1st period - Deflect By David Laliberté.
11:12 of 1st period - Goal by Anton Lander - Mulligans : 1 - Punishers : 2.
11:13 of 1st period - Nick Bonino wins face-off versus Zack Hamill in neutral zone.
11:16 of 1st period - Slapshot by Matt Donovan.
11:16 of 1st period - Shot Misses the Net.
11:18 of 1st period - Slapshot by Cody Goloubef.
11:18 of 1st period - Shot Misses the Net.
11:20 of 1st period - Slapshot by Matt Donovan.
11:20 of 1st period - Stopped by Louis Domingue with a rebound.
11:22 of 1st period - Snap shot by Cody Goloubef.
11:22 of 1st period - Deflect By Matt Beleskey.
11:22 of 1st period - Shot Misses the Net.
11:22 of 1st period - Puck is out of play.
11:23 of 1st period - Zack Hamill wins face-off versus Nick Bonino in Punishers zone.
11:58 of 1st period - Wrist shot by Matt Donovan.
11:58 of 1st period - Deflect By David Laliberté.
11:58 of 1st period - Stopped by Louis Domingue with a rebound.
12:00 of 1st period - Snap shot by Jonathan Tremblay.
12:00 of 1st period - Shot Blocked by Adam Pelech.
12:02 of 1st period - Slapshot by Matt Beleskey.
12:02 of 1st period - Stopped by Louis Domingue with a rebound.
12:04 of 1st period - Snap shot by Jonathan Tremblay.
12:04 of 1st period - Shot Misses the Net.
12:06 of 1st period - Slapshot by Nick Bonino.
12:06 of 1st period - Stopped by Louis Domingue with a rebound.
12:08 of 1st period - Slapshot by Matt Donovan.
12:08 of 1st period - Stopped by Louis Domingue with a rebound.
12:10 of 1st period - Snap shot by Matt Beleskey.
12:10 of 1st period - Deflect By Nick Bonino.
12:10 of 1st period - Stopped by Louis Domingue with a rebound.
12:12 of 1st period - Snap shot by Jonathan Tremblay.
12:12 of 1st period - Stopped by Louis Domingue with a rebound.
12:14 of 1st period - Snap shot by Jonathan Tremblay.
12:14 of 1st period - Stopped by Louis Domingue without a rebound.
12:15 of 1st period - Anton Lander wins face-off versus Boone Jenner in Punishers zone.
12:18 of 1st period - Slapshot by Anton Lander.
12:18 of 1st period - Shot Blocked by Miikka Salomaki.
12:42 of 1st period - Michael Sdao is hit by Madison Bowey and loses puck.
13:07 of 1st period - Wrist shot by Garret Ross.
13:07 of 1st period - Shot Blocked by Reid Boucher.
13:09 of 1st period - Slapshot by Madison Bowey.
13:09 of 1st period - Stopped by Juuse Saros without a rebound.
13:10 of 1st period - Anton Lander wins face-off versus Boone Jenner in Mulligans zone.
13:14 of 1st period - Off-side.
13:15 of 1st period - Anton Lander wins face-off versus Boone Jenner in neutral zone.
13:24 of 1st period - Snap shot by Anton Lander.
13:24 of 1st period - Goal by Anton Lander - Mulligans : 2 - Punishers : 2.
13:25 of 1st period - Zack Hamill wins face-off versus Nick Bonino in neutral zone.
13:38 of 1st period - Adam Pelech is hit by Jonathan Tremblay and loses puck.
13:56 of 1st period - Snap shot by Joonas Donskoi.
13:56 of 1st period - Shot Misses the Net.
14:33 of 1st period - Darren Dietz is hit by Madison Bowey and loses puck.
15:00 of 1st period - Zack Hamill is hit by Jonathan Tremblay and loses puck.
15:31 of 1st period - Snap shot by Logan Shaw.
15:31 of 1st period - Stopped by Louis Domingue with a rebound.
16:15 of 1st period - Snap shot by Zack Hamill.
16:15 of 1st period - Shot Blocked by Matt Beleskey.
16:17 of 1st period - Wrist shot by David Laliberté.
16:17 of 1st period - Stopped by Juuse Saros without a rebound.
16:18 of 1st period - Nick Bonino wins face-off versus Zack Hamill in Mulligans zone.
16:26 of 1st period - Off-side.
16:27 of 1st period - Zack Hamill wins face-off versus Nick Bonino in neutral zone.
16:34 of 1st period - Snap shot by Robbie Earl.
16:34 of 1st period - Stopped by Juuse Saros with a rebound.
17:31 of 1st period - Robbie Earl is hit by Sven Baertschi and loses puck.
18:01 of 1st period - Wrist shot by Sven Baertschi.
18:01 of 1st period - Shot Blocked by Miikka Salomaki.
18:03 of 1st period - Snap shot by Jonathan Tremblay.
18:03 of 1st period - Goal by Jonathan Tremblay - Mulligans : 3 - Punishers : 2.
18:04 of 1st period - Zack Hamill wins face-off versus Nick Bonino in neutral zone.
18:08 of 1st period - Off-side.
18:09 of 1st period - Robbie Earl wins face-off versus Nick Bonino in neutral zone.
18:16 of 1st period - Snap shot by Zack Hamill.
18:16 of 1st period - Shot Misses the Net.
Goals for this period are 3 for Mulligans vs 2 for Punishers.
Shots for this period are 18 for Mulligans vs 12 for Punishers.
2nd period
0:01 of 2nd period - Zack Hamill wins face-off versus Nick Bonino in neutral zone.
0:01 of 2nd period - Zack Hamill is hit by Matt Beleskey.
0:12 of 2nd period - Off-side.
0:13 of 2nd period - Nick Bonino wins face-off versus Zack Hamill in neutral zone.
0:38 of 2nd period - Jordan Schmaltz is hit by Logan Shaw and loses puck.
0:59 of 2nd period - Snap shot by Mark Jankowski.
0:59 of 2nd period - Stopped by Juuse Saros without a rebound.
1:00 of 2nd period - Mark Jankowski wins face-off versus Maxime Macenauer in Mulligans zone.
1:11 of 2nd period - Slapshot by Colton Gillies.
1:11 of 2nd period - Shot Blocked by Darren Dietz.
1:19 of 2nd period - Snap shot by Carter Ashton.
1:19 of 2nd period - Stopped by Juuse Saros without a rebound.
1:20 of 2nd period - David Laliberté wins face-off versus Jonathan Tremblay in Mulligans zone.
1:53 of 2nd period - Off-side.
1:54 of 2nd period - Anton Lander wins face-off versus Boone Jenner in neutral zone.
2:09 of 2nd period - Snap shot by Miikka Salomaki.
2:09 of 2nd period - Stopped by Juuse Saros without a rebound.
2:10 of 2nd period - Nick Bonino wins face-off versus Zack Hamill in Mulligans zone.
2:58 of 2nd period - Matt Donovan is hit by Patrick Wiercioch and loses puck.
3:09 of 2nd period - Snap shot by Garret Ross.
3:09 of 2nd period - Shot Misses the Net.
3:23 of 2nd period - Snap shot by Christoph Bertschy.
3:23 of 2nd period - Shot Blocked by Trevor Van Riemsdyk.
3:25 of 2nd period - Wrist shot by Sven Baertschi.
3:25 of 2nd period - Stopped by Louis Domingue with a rebound.
3:27 of 2nd period - Backhand shot by Cody Goloubef.
3:27 of 2nd period - Shot Blocked by Colton Gillies.
3:29 of 2nd period - Snap shot by Matt Donovan.
3:29 of 2nd period - Shot Misses the Net.
4:09 of 2nd period - Wrist shot by Zack Hamill.
4:09 of 2nd period - Shot Blocked by Drayson Bowman.
4:11 of 2nd period - Wrist shot by Robbie Earl.
4:11 of 2nd period - Deflect By Zack Hamill.
4:11 of 2nd period - Shot Misses the Net.
4:11 of 2nd period - Puck is out of play.
4:12 of 2nd period - Nick Bonino wins face-off versus Boone Jenner in Mulligans zone.
5:21 of 2nd period - Ben Hutton is hit by Tyler Bertuzzi.
5:56 of 2nd period - Snap shot by Sven Baertschi.
5:56 of 2nd period - Shot Misses the Net.
6:50 of 2nd period - Snap shot by Garret Ross.
6:50 of 2nd period - Shot Misses the Net.
7:26 of 2nd period - Off-side.
7:27 of 2nd period - Anton Lander wins face-off versus Zack Hamill in neutral zone.
7:43 of 2nd period - Snap shot by David Laliberté.
7:43 of 2nd period - Shot Misses the Net.
8:00 of 2nd period - Tyler Bertuzzi is hit by Matt Beleskey and loses puck.
8:20 of 2nd period - Adam Pelech is hit by Dalton Thrower and loses puck.
8:31 of 2nd period - Slapshot by Maxime Macenauer.
8:31 of 2nd period - Stopped by Louis Domingue without a rebound.
8:32 of 2nd period - David Laliberté wins face-off versus Anton Lander in Punishers zone.
9:25 of 2nd period - Icing by Patrick Wiercioch.
9:26 of 2nd period - Mark Jankowski wins face-off versus Christoph Bertschy in Punishers zone.
9:33 of 2nd period - Wrist shot by Carter Ashton.
9:33 of 2nd period - Stopped by Juuse Saros with a rebound.
9:35 of 2nd period - Wrist shot by Mark Jankowski.
9:35 of 2nd period - Goal by Mark Jankowski - Mulligans : 3 - Punishers : 3.
9:36 of 2nd period - Nick Bonino wins face-off versus Zack Hamill in neutral zone.
9:38 of 2nd period - Off-side.
9:39 of 2nd period - Nick Bonino wins face-off versus Zack Hamill in neutral zone.
9:48 of 2nd period - Slapshot by Matt Beleskey.
9:48 of 2nd period - Deflect By Jonathan Tremblay.
9:48 of 2nd period - Shot Blocked by Adam Pelech.
9:48 of 2nd period - Puck is out of play.
9:49 of 2nd period - Zack Hamill wins face-off versus Nick Bonino in Punishers zone.
10:02 of 2nd period - Wrist shot by Matt Beleskey.
10:02 of 2nd period - Stopped by Louis Domingue with a rebound.
10:04 of 2nd period - Wrist shot by Matt Beleskey.
10:04 of 2nd period - Shot Blocked by David Laliberté.
10:14 of 2nd period - Logan Shaw is hit by Adam Pelech and loses puck.
10:23 of 2nd period - Wrist shot by Anton Lander.
10:23 of 2nd period - Shot Blocked by Boone Jenner.
10:33 of 2nd period - Snap shot by Christoph Bertschy.
10:33 of 2nd period - Shot Blocked by Adam Pelech.
10:39 of 2nd period - Slapshot by Jordan Schmaltz.
10:39 of 2nd period - Shot Hit the Post.
10:41 of 2nd period - Wrist shot by Radek Faksa.
10:41 of 2nd period - Shot Misses the Net.
10:57 of 2nd period - Wrist shot by Mark Jankowski.
10:57 of 2nd period - Stopped by Juuse Saros with a rebound.
10:59 of 2nd period - Slapshot by Madison Bowey.
10:59 of 2nd period - Stopped by Juuse Saros with a rebound.
11:25 of 2nd period - Slapshot by Cade Fairchild.
11:25 of 2nd period - Deflect By David Laliberté.
11:25 of 2nd period - Stopped by Louis Domingue with a rebound.
11:27 of 2nd period - Snap shot by Maxime Macenauer.
11:27 of 2nd period - Shot Blocked by David Laliberté.
11:29 of 2nd period - Snap shot by Maxime Macenauer.
11:29 of 2nd period - Shot Blocked by Zack Hamill.
11:33 of 2nd period - Wrist shot by Joonas Donskoi.
11:33 of 2nd period - Shot Blocked by Patrick Wiercioch.
11:35 of 2nd period - Snap shot by Maxime Macenauer.
11:35 of 2nd period - Stopped by Louis Domingue with a rebound.
11:43 of 2nd period - Wrist shot by Maxime Macenauer.
11:43 of 2nd period - Shot Misses the Net.
11:45 of 2nd period - Wrist shot by Joonas Donskoi.
11:45 of 2nd period - Stopped by Louis Domingue without a rebound.
11:46 of 2nd period - Boone Jenner wins face-off versus Nick Bonino in Punishers zone.
11:51 of 2nd period - Backhand shot by Matt Beleskey.
11:51 of 2nd period - Shot Misses the Net.
12:11 of 2nd period - Dylan DeMelo is hit by Valeri Nichushkin and loses puck.
12:18 of 2nd period - Snap shot by Christoph Bertschy.
12:18 of 2nd period - Stopped by Louis Domingue with a rebound.
12:20 of 2nd period - Slapshot by Ben Hutton.
12:20 of 2nd period - Stopped by Louis Domingue with a rebound.
12:22 of 2nd period - Wrist shot by Sven Baertschi.
12:22 of 2nd period - Shot Misses the Net.
12:24 of 2nd period - Snap shot by Sven Baertschi.
12:24 of 2nd period - Stopped by Louis Domingue without a rebound.
12:25 of 2nd period - Zack Hamill wins face-off versus Nick Bonino in Punishers zone.
12:50 of 2nd period - Anton Lander is hit by Colton Gillies.
13:14 of 2nd period - Snap shot by Radek Faksa.
13:14 of 2nd period - Deflect By Garret Ross.
13:14 of 2nd period - Shot Blocked by Cody Goloubef.
13:14 of 2nd period - Puck is out of play.
13:15 of 2nd period - Radek Faksa wins face-off versus Nick Bonino in Mulligans zone.
13:22 of 2nd period - Snap shot by Radek Faksa.
13:22 of 2nd period - Stopped by Juuse Saros with a rebound.
13:27 of 2nd period - Off-side.
13:28 of 2nd period - Nick Bonino wins face-off versus Zack Hamill in neutral zone.
13:32 of 2nd period - Off-side.
13:33 of 2nd period - Zack Hamill wins face-off versus Nick Bonino in neutral zone.
13:44 of 2nd period - Snap shot by Robbie Earl.
13:44 of 2nd period - Shot Misses the Net.
13:46 of 2nd period - Slapshot by Madison Bowey.
13:46 of 2nd period - Stopped by Juuse Saros with a rebound.
14:19 of 2nd period - Icing by Drayson Bowman.
14:20 of 2nd period - Boone Jenner wins face-off versus Anton Lander in Mulligans zone.
14:25 of 2nd period - Snap shot by Miikka Salomaki.
14:25 of 2nd period - Deflect By Matt Donovan.
14:25 of 2nd period - Shot Blocked by Matt Donovan.
14:25 of 2nd period - Puck is out of play.
14:26 of 2nd period - Anton Lander wins face-off versus Zack Hamill in Mulligans zone.
14:56 of 2nd period - Off-side.
14:57 of 2nd period - Boone Jenner wins face-off versus Nick Bonino in neutral zone.
15:02 of 2nd period - Slapshot by Miikka Salomaki.
15:02 of 2nd period - Shot Blocked by Cade Fairchild.
15:04 of 2nd period - Snap shot by Dylan DeMelo.
15:04 of 2nd period - Deflect By Miikka Salomaki.
15:04 of 2nd period - Shot Blocked by Jonathan Tremblay.
15:04 of 2nd period - Puck is out of play.
15:05 of 2nd period - Zack Hamill wins face-off versus Nick Bonino in Mulligans zone.
15:16 of 2nd period - Snap shot by David Laliberté.
15:16 of 2nd period - Stopped by Juuse Saros without a rebound.
15:17 of 2nd period - Matt Beleskey wins face-off versus Zack Hamill in Mulligans zone.
15:24 of 2nd period - Snap shot by David Laliberté.
15:24 of 2nd period - Shot Misses the Net.
15:26 of 2nd period - Snap shot by Adam Pelech.
15:26 of 2nd period - Stopped by Juuse Saros without a rebound.
15:27 of 2nd period - Zack Hamill wins face-off versus Nick Bonino in Mulligans zone.
15:28 of 2nd period - Slapshot by Robbie Earl.
15:28 of 2nd period - Goal by Robbie Earl - Mulligans : 3 - Punishers : 4.
15:29 of 2nd period - Nick Bonino wins face-off versus Zack Hamill in neutral zone.
15:31 of 2nd period - Minor Penalty to Nick Bonino for Holding.
15:32 of 2nd period - Zack Hamill wins face-off versus Sven Baertschi in Mulligans zone.
15:32 of 2nd period - Snap shot by David Laliberté.
15:32 of 2nd period - Stopped by Juuse Saros with a rebound.
15:34 of 2nd period - Snap shot by Zack Hamill.
15:34 of 2nd period - Goal by Zack Hamill - Mulligans : 3 - Punishers : 5.
15:35 of 2nd period - Zack Hamill wins face-off versus Nick Bonino in neutral zone.
16:00 of 2nd period - Wrist shot by Miikka Salomaki.
16:00 of 2nd period - Stopped by Juuse Saros without a rebound.
16:01 of 2nd period - Anton Lander wins face-off versus Boone Jenner in Mulligans zone.
16:04 of 2nd period - Wrist shot by Miikka Salomaki.
16:04 of 2nd period - Shot Misses the Net.
16:06 of 2nd period - Slapshot by Patrick Wiercioch.
16:06 of 2nd period - Shot Misses the Net.
16:08 of 2nd period - Snap shot by Patrick Wiercioch.
16:08 of 2nd period - Deflect By Boone Jenner.
16:08 of 2nd period - Stopped by Juuse Saros without a rebound.
16:09 of 2nd period - Zack Hamill wins face-off versus Nick Bonino in Mulligans zone.
16:59 of 2nd period - Snap shot by Colton Gillies.
16:59 of 2nd period - Shot Misses the Net.
17:01 of 2nd period - Snap shot by Mark Jankowski.
17:01 of 2nd period - Shot Misses the Net.
17:03 of 2nd period - Wrist shot by Mark Jankowski.
17:03 of 2nd period - Shot Misses the Net.
17:05 of 2nd period - Snap shot by Adam Pelech.
17:05 of 2nd period - Stopped by Juuse Saros without a rebound.
17:06 of 2nd period - Nick Bonino wins face-off versus Zack Hamill in Mulligans zone.
17:31 of 2nd period - Ben Hutton is hit by Colton Gillies.
17:43 of 2nd period - Snap shot by Matt Beleskey.
17:43 of 2nd period - Shot Misses the Net.
17:45 of 2nd period - Slapshot by Nick Bonino.
17:45 of 2nd period - Shot Misses the Net.
17:53 of 2nd period - Snap shot by Matt Beleskey.
17:53 of 2nd period - Deflect By Nick Bonino.
17:53 of 2nd period - Shot Misses the Net.
17:53 of 2nd period - Puck is out of play.
17:54 of 2nd period - Zack Hamill wins face-off versus Anton Lander in Punishers zone.
18:01 of 2nd period - Slapshot by Jordan Schmaltz.
18:01 of 2nd period - Shot Misses the Net.
19:35 of 2nd period - Wrist shot by Drayson Bowman.
19:35 of 2nd period - Stopped by Louis Domingue without a rebound.
19:36 of 2nd period - Nick Bonino wins face-off versus Boone Jenner in Punishers zone.
Goals for this period are 0 for Mulligans vs 3 for Punishers.
Shots for this period are 10 for Mulligans vs 17 for Punishers.
3rd period
0:01 of 3rd period - Nick Bonino wins face-off versus David Laliberté in neutral zone.
0:07 of 3rd period - Minor Penalty to Robbie Earl for Cross-checking.
0:08 of 3rd period - Zack Hamill wins face-off versus Nick Bonino in Punishers zone.
0:16 of 3rd period - Zack Hamill is hit by Cody Goloubef and loses puck.
0:48 of 3rd period - Adam Pelech is hit by Logan Shaw and loses puck.
1:01 of 3rd period - Wrist shot by David Laliberté.
1:01 of 3rd period - Stopped by Juuse Saros without a rebound.
1:02 of 3rd period - Nick Bonino wins face-off versus Carter Ashton in Mulligans zone.
1:02 of 3rd period - Nick Bonino is hit by Carter Ashton.
1:45 of 3rd period - Ben Hutton is hit by Carter Ashton and loses puck.
1:50 of 3rd period - Snap shot by Carter Ashton.
1:50 of 3rd period - Deflect By David Laliberté.
1:50 of 3rd period - Shot Hit the Post.
1:50 of 3rd period - Puck is out of play.
1:51 of 3rd period - Anton Lander wins face-off versus Zack Hamill in Mulligans zone.
2:04 of 3rd period - Snap shot by Anton Lander.
2:04 of 3rd period - Shot Blocked by Adam Pelech.
2:07 of 3rd period - Penalty to Robbie Earl is over, Robbie Earl is back on ice.
2:45 of 3rd period - Wrist shot by Miikka Salomaki.
2:45 of 3rd period - Stopped by Juuse Saros without a rebound.
2:46 of 3rd period - Boone Jenner wins face-off versus Maxime Macenauer in Mulligans zone.
3:09 of 3rd period - Darren Dietz is hit by Zack Hamill and loses puck.
3:40 of 3rd period - Snap shot by Sven Baertschi.
3:40 of 3rd period - Stopped by Louis Domingue with a rebound.
4:13 of 3rd period - Slapshot by Maxime Macenauer.
4:13 of 3rd period - Goal by Maxime Macenauer - Mulligans : 4 - Punishers : 5.
4:14 of 3rd period - Nick Bonino wins face-off versus Boone Jenner in neutral zone.
4:46 of 3rd period - Wrist shot by Colton Gillies.
4:46 of 3rd period - Stopped by Juuse Saros without a rebound.
4:47 of 3rd period - Mark Jankowski wins face-off versus Anton Lander in Mulligans zone.
5:12 of 3rd period - Michael Sdao is hit by Adam Pelech and loses puck.
5:39 of 3rd period - Slapshot by Boone Jenner.
5:39 of 3rd period - Shot Misses the Net.
5:41 of 3rd period - Snap shot by Miikka Salomaki.
5:41 of 3rd period - Goal by Miikka Salomaki - Mulligans : 4 - Punishers : 6.
5:42 of 3rd period - Zack Hamill wins face-off versus Nick Bonino in neutral zone.
6:20 of 3rd period - Slapshot by Matt Donovan.
6:20 of 3rd period - Stopped by Louis Domingue without a rebound.
6:21 of 3rd period - Maxime Macenauer wins face-off versus Zack Hamill in Punishers zone.
6:30 of 3rd period - Snap shot by Maxime Macenauer.
6:30 of 3rd period - Shot Misses the Net.
6:32 of 3rd period - Wrist shot by Reid Boucher.
6:32 of 3rd period - Deflect By Joonas Donskoi.
6:32 of 3rd period - Shot Misses the Net.
6:32 of 3rd period - Puck is out of play.
6:33 of 3rd period - Zack Hamill wins face-off versus Nick Bonino in Punishers zone.
6:35 of 3rd period - Minor Penalty to Robbie Earl for Hooking.
6:36 of 3rd period - Zack Hamill wins face-off versus Jonathan Tremblay in Punishers zone.
7:02 of 3rd period - Jordan Schmaltz is hit by Cody Goloubef and loses puck.
7:53 of 3rd period - Madison Bowey is hit by Logan Shaw and loses puck.
8:10 of 3rd period - Jonathan Tremblay is hit by David Laliberté and loses puck.
8:19 of 3rd period - Snap shot by David Laliberté.
8:19 of 3rd period - Deflect By Carter Ashton.
8:19 of 3rd period - Goal by Carter Ashton - Mulligans : 4 - Punishers : 7.
8:19 of 3rd period - Calvin Pickard enters game.
8:20 of 3rd period - Zack Hamill wins face-off versus Anton Lander in neutral zone.
8:25 of 3rd period - Snap shot by Matt Beleskey.
8:25 of 3rd period - Shot Blocked by Colton Gillies.
8:35 of 3rd period - Penalty to Robbie Earl is over, Robbie Earl is back on ice.
8:47 of 3rd period - Robbie Earl is hit by Sven Baertschi.
9:26 of 3rd period - Jonathan Tremblay is hit by Madison Bowey and loses puck.
9:47 of 3rd period - Anton Lander is hit by David Laliberté and loses puck.
10:11 of 3rd period - Wrist shot by Sven Baertschi.
10:11 of 3rd period - Shot Misses the Net.
10:13 of 3rd period - Wrist shot by Cade Fairchild.
10:13 of 3rd period - Deflect By Valeri Nichushkin.
10:13 of 3rd period - Shot Blocked by Trevor Van Riemsdyk.
10:13 of 3rd period - Puck is out of play.
10:14 of 3rd period - Mark Jankowski wins face-off versus Christoph Bertschy in Punishers zone.
11:05 of 3rd period - Slapshot by Matt Donovan.
11:05 of 3rd period - Shot Misses the Net.
11:38 of 3rd period - Colton Gillies is hit by Valeri Nichushkin and loses puck.
11:53 of 3rd period - Ben Hutton is hit by Miikka Salomaki and loses puck.
11:58 of 3rd period - Wrist shot by Miikka Salomaki.
11:58 of 3rd period - Shot Misses the Net.
12:00 of 3rd period - Slapshot by Boone Jenner.
12:00 of 3rd period - Shot Misses the Net.
12:32 of 3rd period - Slapshot by Darren Dietz.
12:32 of 3rd period - Deflect By Drayson Bowman.
12:32 of 3rd period - Shot Misses the Net.
12:32 of 3rd period - Puck is out of play.
12:33 of 3rd period - Zack Hamill wins face-off versus Anton Lander in Punishers zone.
12:53 of 3rd period - Off-side.
12:54 of 3rd period - Nick Bonino wins face-off versus Boone Jenner in neutral zone.
13:19 of 3rd period - Darren Dietz is hit by Zack Hamill and loses puck.
14:11 of 3rd period - Slapshot by Jordan Schmaltz.
14:11 of 3rd period - Stopped by Calvin Pickard without a rebound.
14:12 of 3rd period - Zack Hamill wins face-off versus Anton Lander in Mulligans zone.
14:15 of 3rd period - Snap shot by Robbie Earl.
14:15 of 3rd period - Shot Blocked by Ben Hutton.
14:23 of 3rd period - Snap shot by Logan Shaw.
14:23 of 3rd period - Shot Misses the Net.
14:25 of 3rd period - Slapshot by Michael Sdao.
14:25 of 3rd period - Stopped by Louis Domingue without a rebound.
14:26 of 3rd period - Tyler Bertuzzi wins face-off versus Nick Bonino in Punishers zone.
14:59 of 3rd period - Snap shot by Joonas Donskoi.
14:59 of 3rd period - Shot Misses the Net.
15:01 of 3rd period - Wrist shot by Joonas Donskoi.
15:01 of 3rd period - Shot Blocked by Trevor Van Riemsdyk.
15:03 of 3rd period - Slapshot by Ben Hutton.
15:03 of 3rd period - Shot Misses the Net.
15:13 of 3rd period - Michael Sdao is hit by Zack Hamill and loses puck.
16:47 of 3rd period - Icing by Ben Hutton.
16:48 of 3rd period - Boone Jenner wins face-off versus Nick Bonino in Mulligans zone.
16:51 of 3rd period - Slapshot by Miikka Salomaki.
16:51 of 3rd period - Stopped by Calvin Pickard with a rebound.
16:53 of 3rd period - Snap shot by Tyler Bertuzzi.
16:53 of 3rd period - Goal by Tyler Bertuzzi - Mulligans : 4 - Punishers : 8.
16:54 of 3rd period - Miikka Salomaki wins face-off versus Nick Bonino in neutral zone.
17:26 of 3rd period - Wrist shot by Colton Gillies.
17:26 of 3rd period - Stopped by Calvin Pickard with a rebound.
17:28 of 3rd period - Wrist shot by Carter Ashton.
17:28 of 3rd period - Shot Misses the Net.
17:30 of 3rd period - Snap shot by Colton Gillies.
17:30 of 3rd period - Shot Blocked by Ben Hutton.
17:32 of 3rd period - Slapshot by Mark Jankowski.
17:32 of 3rd period - Shot Blocked by Ben Hutton.
18:13 of 3rd period - Slapshot by Maxime Macenauer.
18:13 of 3rd period - Shot Blocked by Michael Joly.
18:25 of 3rd period - Cody Goloubef is hit by Tyler Bertuzzi and loses puck.
19:09 of 3rd period - Wrist shot by Sven Baertschi.
19:09 of 3rd period - Shot Blocked by Jordan Schmaltz.
19:49 of 3rd period - Slapshot by Matt Donovan.
19:49 of 3rd period - Stopped by Louis Domingue with a rebound.
19:59 of 3rd period - Jonathan Tremblay is hit by Miikka Salomaki and loses puck.
Goals for this period are 1 for Mulligans vs 3 for Punishers.
Shots for this period are 5 for Mulligans vs 9 for Punishers.
Back to the Top